 Dungeon Crawl Stone Soup version 0.27-a0-760-gc38aae387d (webtiles) character file.

Game seed: 13165439199178147833

35 polve the Slasher (level 3, 0/29 HPs)
             Began as a Demonspawn Abyssal Knight on Mar 24, 2021.
             Was a Follower of Lugonu.
             Slain by a hobgoblin (4 damage)
             ... led by Robin
             ... on level 2 of the Dungeon.
             The game lasted 00:00:53 (1487 turns).

polve the Slasher (Demonspawn Abyssal Knight)       Turns: 1487, Time: 00:00:54

Health: 0/29       AC:  3    Str: 12    XL:     3   Next: 17%
Magic:  4/4        EV: 11    Int: 14    God:    Lugonu [*.....]
Gold:   58         SH:  0    Dex: 12    Spells: 2/2 levels left

rFire    . . .     SeeInvis .   a - +1 falchion
rCold    . . .     Faith    .   (no shield)
rNeg     . . .     Spirit   .   b - +0 leather armour
rPois    .         Reflect  .   (no helmet)
rElec    .         Harm     .   (no cloak)
rCorr    .         Rampage  .   (no gloves)
Will     .....                  (no boots)
Stlth    +.........             (no amulet)
HPRegen  0.09/turn              (no ring)
MPRegen  0.09/turn              (no ring)

@: no status effects
A: hooves 2
a: Renounce Religion, Depart the Abyss


You were on level 2 of the Dungeon.
You worshipped Lugonu.
Lugonu was aware of your devotion.
You visited 1 branch of the dungeon, and saw 2 of its levels.
You visited the Abyss 1 time.

You collected 58 gold pieces.

Inventory:

Hand Weapons
 a - a +1 falchion (weapon)
Armour
 b - a +0 leather armour (worn)
Jewellery
 d - a ring of willpower
Scrolls
 c - a scroll of identify {unknown}
 e - a scroll of magic mapping {unknown}


   Skills:
 - Level 3.0 Fighting
 + Level 3.3 Long Blades
 - Level 1.7 Armour
 - Level 0.8 Dodging
 - Level 2.4 Invocations


You had 2 spell levels left.
You didn't know any spells.
Your spell library was empty.

Dungeon Overview and Level Annotations

Branches:
Dungeon (2/15)

Altars:


Innate Abilities, Weirdness & Mutations

You have hoof-like feet.


Message History

The goblins go into a battle-frenzy!
You hit the goblin.
You kill the goblin!
Lugonu accepts your kill.
Items here: ( )) †.
You slash Robin! Your kick misses Robin.
Robin is heavily wounded.
Robin hits you with a +0 dagger.
You barely miss Robin. You kick Robin, but do no damage.
Robin is heavily wounded.
Robin hits you with a +0 dagger.
* * * LOW HITPOINT WARNING * * *
You hit Robin. You kick Robin.
Robin is almost dead.
Robin throws the goblin at you!
* * * LOW HITPOINT WARNING * * *
The goblin barely misses you.
Robin's bangles clink loudly.
Robin closely misses you.
You hit the goblin.
You kill the goblin!
Lugonu accepts your kill. Robin hits you with a +0 dagger.
* * * LOW HITPOINT WARNING * * *
You hit Robin but do no damage. You kick Robin.
You kill Robin!
Lugonu accepts your kill.
You have reached level 3!
Your experience leads to an increase in your attributes!
Increase (S)trength, (I)ntelligence, or (D)exterity?
You feel clever.
Your demonic ancestry asserts itself...
Your feet thicken and deform.
Things that are here:
a +0 dagger; 8 gold pieces The hobgoblin no longer looks unusually strong.
You barely miss the hobgoblin. The hobgoblin barely misses you.
You hit the hobgoblin.
The hobgoblin is severely wounded.
The hobgoblin hits you.
You die...

####........#
#.##########
# #.)#####.#
#..........#
# #.g#####.#
##########.#
# #........#
#########.# #
#.########
#.........#
#.#
#.#########
#.# #.# #.#
#.# #.#
#####@# #)###
#...g.# #...#
#.##### ###)#
#.# #)# #.#
#)#####.#
#.......#
#.#####.# ###
###


You could see a hobgoblin.

Vanquished Creatures
  Robin (D:2)
  3 bats (D:1)
  An endoplasm (D:1)
  4 goblins
  6 hobgoblins
  A kobold (D:1)
  A quokka (D:1)
  A ball python (D:1)
  2 frilled lizards (D:1)
  3 rats (D:1)
23 creatures vanquished.

Notes
Turn   | Place    | Note
-------+----------+-------------------------------------------
     0 | Abyss:1  | polve the Demonspawn Abyssal Knight began the quest for the
                  | Orb.
     0 | Abyss:1  | Reached XP level 1. HP: 18/18 MP: 2/2
    68 | Abyss:1  | Found a corrupted altar of Lugonu.
    82 | Abyss:1  | Found a corrupted altar of Lugonu.
    88 | Abyss:1  | Found a corrupted altar of Lugonu.
   143 | Abyss:1  | Found a corrupted altar of Lugonu.
   183 | Abyss:1  | Found a corrupted altar of Lugonu.
   506 | Abyss:1  | Noticed a phantasmal warrior
   507 | D:1      | Escaped the Abyss
   726 | D:1      | Gained mutation: You have large cloven feet. [demonic
                  | ancestry]
   726 | D:1      | Reached XP level 2. HP: 24/24 MP: 3/3
   992 | D:1      | Reached * piety under Lugonu
  1439 | D:2      | Noticed Robin
  1471 | D:2      | Killed Robin
  1472 | D:2      | Gained mutation: You have hoof-like feet. [demonic
                  | ancestry]
  1472 | D:2      | Reached XP level 3. HP: 3/29 MP: 4/4
  1487 | D:2      | Slain by a hobgoblin

Illustrated notes

Levels and vault maps discovered:
D:1:      eino_arrival_water_cross, layout_basic, roderic_serpentine_path
D:2:      layout_basic, lemuel_crystal_altar, trog_three_pillars_becter,
          uniq_crazy_yiuf_cottage, uniq_robin, uniq_sigmund

Skill      XL: |  1  2 |
---------------+-------+-----
Long Blades    | 2 3 |  3.3
Fighting       | |  3.0
Armour         | |  1.7
Dodging        | |  0.8
Invocations    | |  2.4

Action                   || total
-------------------------++-------
Melee: Falchion          ||    38
       Kick              ||     8
Invok: Depart the Abyss  ||     1
Armor: Leather armour    ||    11
Dodge: Dodged            ||    24
       Rpst.: Falchion   ||    10

Table legend: (Time is in decaauts)
 A = Elapsed time spent in this place.
 B = Non-inter-level travel time spent in this place.
 C = Inter-level travel time spent in this place.
 D = Time resting spent in this place.
 E = Time spent auto-exploring this place.
 F = Levels seen in this place.
 G = Mean time per level.
                   A        B        C        D        E       F      G
               +--------+--------+--------+--------+--------+-----+--------+
         Total |   1492 |   1481 |     11 |      0 |   1340 |   3 |  497.3 |
       Dungeon |    985 |    974 |     11 |      0 |    834 |   2 |  492.5 |
         Abyss |    507 |    507 |      0 |      0 |    506 |   1 |  507.0 |
               +--------+--------+--------+--------+--------+-----+--------+

Top non-repeatable levels by time:
     D:1: 863 daAuts
 Abyss:1: 507 daAuts
     D:2: 122 daAuts
